 Dungeon Crawl Stone Soup version 0.21.1-1-g345015f (webtiles) character file.

604 Mgcat the Insei (level 7, 0/52 HPs)
             Began as a Gnoll Transmuter on Mar 25, 2018.
             Was a Believer of Cheibriados.
             Succumbed to RitorJet's ghost's poison
             ... on level 4 of the Dungeon.
             The game lasted 00:09:38 (2316 turns).

Mgcat the Insei (Gnoll Transmuter)                  Turns: 2316, Time: 00:09:40

Health: 0/52       AC:  5    Str: 17    XL:     7   Next: 42%
Magic:  11/15      EV: 31    Int: 26    God:    Cheibriados [**....]
Gold:   140        SH:  0    Dex: 29    Spells: 3/17 levels left

rFire    . . .     SeeInvis .     - Unarmed
rCold    . . .     Gourm    .   (shield currently unavailable)
rNeg     . . .     Faith    .   (armour currently unavailable)
rPois    x         Spirit   .   (helmet currently unavailable)
rElec    .         Reflect  .   (cloak currently unavailable)
rCorr    .         Harm     .   (gloves currently unavailable)
MR       .....                  (boots currently unavailable)
Stlth    +++++.....             (no amulet)
HPRegen  0.17/turn              o - +3 ring of protection
MPRegen  0.14/turn              j - ring of stealth {Stlth+}

@: brilliant, agile, lethally poisoned (0 -> -9), spider-form, hasted, quick
A: tiny, distributed training, strong nose
a: End Transformation, Bend Time, Renounce Religion


You were on level 4 of the Dungeon.
You worshipped Cheibriados.
Cheibriados was pleased with you.
You were not hungry.
You were a venomous arachnid creature.
You visited 1 branch of the dungeon, and saw 4 of its levels.

You collected 140 gold pieces.

Inventory:

Missiles
 a - 28 arrows
 h - 4 curare-tipped needles
Armour
 b - a +1 robe (melded)
 m - a +0 buckler
   (You found it on level 2 of the Dungeon)
Jewellery
 j - a ring of stealth (right front leg) {Stlth+}
   (You took it off a hobgoblin on level 1 of the Dungeon)
 o - a +3 ring of protection (left front leg)
   (You found it on level 2 of the Dungeon)
Scrolls
 e - a scroll of remove curse
 f - a scroll of teleportation
 g - a scroll of identify
 i - 5 scrolls of magic mapping {!r}
 k - a scroll of amnesia
Potions
 q - a potion of might
Comestibles
 d - 2 rations


   Skills:
 + Level 3.6 Fighting
 + Level 2.4 Short Blades
 + Level 2.4 Long Blades
 + Level 2.4 Axes
 + Level 2.4 Maces & Flails
 + Level 2.4 Polearms
 + Level 2.4 Staves
 + Level 2.4 Slings
 + Level 2.4 Bows
 + Level 2.4 Crossbows
 + Level 2.4 Throwing
 + Level 2.4 Armour
 + Level 5.2 Dodging
 + Level 2.4 Stealth
 + Level 2.4 Shields
 + Level 7.0 Unarmed Combat
 + Level 5.6 Spellcasting
 + Level 2.0 Conjurations
 + Level 2.0 Hexes
 + Level 2.0 Charms
 + Level 2.0 Summonings
 + Level 2.0 Necromancy
 + Level 2.0 Translocations
 + Level 4.3 Transmutations
 + Level 2.0 Fire Magic
 + Level 2.0 Ice Magic
 + Level 2.0 Air Magic
 + Level 2.0 Earth Magic
 + Level 2.0 Poison Magic
 + Level 2.7 Invocations
 + Level 2.4 Evocations


You had 3 spell levels left.
You knew the following spells:

 Your Spells              Type           Power        Failure   Level  Hunger
a - Blade Hands           Tmut           #####.....   8%          5    #####..
b - Sticks to Snakes      Tmut           #####...     1%          2    None
c - Spider Form           Tmut/Pois      #####.....   2%          3    #......
d - Ice Form              Ice/Tmut       #####...     4%          4    ###....


Dungeon Overview and Level Annotations

Branches:
Dungeon (4/15)
 Temple: D:4-7

Altars:
Cheibriados
Elyvilon
Trog
Uskayaw
Yredelemnul


Innate Abilities, Weirdness & Mutations

Your experience applies equally to all skills.
((You have very sharp teeth.))
Your uncanny sense of smell can sniff out nearby items.


Message History

Eustachio mumbles some strange words.
Eustachio blinks!
You bite Eustachio!
Eustachio is lightly wounded.
You feel sick. Eustachio completely misses you.
It was a potion of brilliance.
You feel clever all of a sudden.
You feel sick. Eustachio hits you but does no damage.
It was a potion of magic.
Magic courses through your body.
You feel sick. Eustachio completely misses you.
It was a potion of agility.
You feel agile all of a sudden.
You feel sick. Eustachio completely misses you.
It was a potion of haste.
You feel yourself speed up.
Cheibriados forgives your accidental hurry, just this once.
You feel sick. Eustachio misses you.
You hit Eustachio but do no damage.
Eustachio is poisoned.
Eustachio is lightly wounded.
You feel sick.
You hit Eustachio but do no damage.
Eustachio looks even sicker.
Eustachio is moderately wounded.
You feel sick. Eustachio completely misses you.
You closely miss Eustachio.
Eustachio is moderately wounded.
* * * LOW HITPOINT WARNING * * *
You feel sick.
You hit Eustachio but do no damage.
Eustachio looks as sick as possible!
Eustachio is moderately wounded.
Your transformation has ended.
Your +1 robe unmelds from your body.
* * * LOW HITPOINT WARNING * * *
You feel sick. Eustachio barely misses you.
Casting: Spider Form
Confirm with . or Enter, or press ? or * to list all spells.
You turn into a venomous arachnid creature.
Your +1 robe melds into your body.
* * * LOW HITPOINT WARNING * * *
You feel sick. Eustachio completely misses you.
You bite Eustachio!
Eustachio is heavily wounded.
* * * LOW HITPOINT WARNING * * *
You feel sick.
You bite Eustachio!
Eustachio looks as sick as possible!
Eustachio is almost dead.
* * * LOW HITPOINT WARNING * * *
You feel sick. Eustachio completely misses you.
You barely miss Eustachio.
Eustachio is almost dead.
* * * LOW HITPOINT WARNING * * *
You feel sick.
You hit Eustachio.
Eustachio looks as sick as possible!
Eustachio is almost dead.
You kill Eustachio!
Cheibriados thoroughly appreciates the change of pace.
Your Unarmed Combat skill increases to level 7!
Your Conjurations skill increases to level 2!
Your Hexes skill increases to level 2!
Your Charms skill increases to level 2!
Your Summonings skill increases to level 2!
Your Necromancy skill increases to level 2!
Your Translocations skill increases to level 2!
Your Fire Magic skill increases to level 2!
Your Ice Magic skill increases to level 2!
Your Air Magic skill increases to level 2!
Your Earth Magic skill increases to level 2!
Your Poison Magic skill increases to level 2!
Unknown command.
Unknown command.
Unknown command.
Okay, then.
Unknown command.
Unknown command.
Okay, then.
Unknown command.
Unknown command.
Unknown command.
* * * LOW HITPOINT WARNING * * *
You feel sick.
* * * LOW HITPOINT WARNING * * *
You feel sick.
* * * LOW HITPOINT WARNING * * *
You feel sick.
* * * LOW HITPOINT WARNING * * *
You feel sick.
* * * LOW HITPOINT WARNING * * *
You feel sick.
* * * LOW HITPOINT WARNING * * *
You feel sick.
* * * LOW HITPOINT WARNING * * *
You feel sick.
* * * LOW HITPOINT WARNING * * *
You feel sick.
* * * LOW HITPOINT WARNING * * *
You feel sick.
* * * LOW HITPOINT WARNING * * *
You feel sick.
You see here a chain mail.
* * * LOW HITPOINT WARNING * * *
You feel sick. The flow of time bends around you.
You feel slightly more hungry.
You die...

*,**≈≈≈≈≈≈*≈≈PPP≈..###..###.#
*,
*,*≈≈≈≈≈≈♣P.PP.........###*,*
**
*,≈≈≈≈*≈≈P≈P.....####..).#*,*
* *,≈≈≈≈≈≈≈........#
##.#.....# *
*,,≈≈≈,≈,........# #..#.....#
**≈≈≈≈,,,........# #.##.....#
***,,,*,........# #.#*....##
*****,........###.#*....#
*,.......s.[..#*....#
**#############*,,,,* *,,,,*
*,,,,* ******


There were no monsters in sight!

Vanquished Creatures
  The ghost of RitorJet the Insei, a novice OpTm (D:4)
  Eustachio (D:4)
  An orc wizard (D:3)
  Ijyb (D:4)
  A worker ant (D:4)
  3 adders
  An ooze (D:3)
  A worm (D:2)
  4 dart slugs
  3 leopard geckos
  6 orcs (D:3)
  3 giant cockroaches (D:2)
  11 goblins
  2 hobgoblins
  2 jackals (D:3)
  4 quokkas
  7 bats
  7 frilled lizards
  9 kobolds
  7 rats
75 creatures vanquished.

Vanquished Creatures (collateral kills)
  An adder (D:2)
  An orc (D:3)
  A hobgoblin (D:3)
3 creatures vanquished.

Vanquished Creatures (others)
  4 toadstools (D:1)
4 creatures vanquished.

Grand Total: 82 creatures vanquished

Notes
Turn   | Place    | Note
-------+----------+-------------------------------------------
     0 | D:1      | Mgcat the Gnoll Transmuter began the quest for the Orb.
     0 | D:1      | Reached XP level 1. HP: 17/17 MP: 6/6
    90 | D:1      | Reached XP level 2. HP: 20/23 MP: 5/7
   478 | D:1      | Reached XP level 3. HP: 17/28 MP: 9/9
   482 | D:1      | Learned a level 2 spell: Sticks to Snakes
   486 | D:1      | Learned a level 3 spell: Spider Form
   835 | D:2      | Reached skill level 5 in Spellcasting
   860 | D:2      | Found a white marble altar of Elyvilon.
   954 | D:2      | Reached skill level 1 in Invocations
  1018 | D:2      | Found a snail-covered altar of Cheibriados.
  1030 | D:2      | Became a worshipper of Cheibriados the Contemplative
  1142 | D:2      | Reached skill level 1 in Short Blades
  1142 | D:2      | Reached skill level 1 in Long Blades
  1142 | D:2      | Reached skill level 1 in Axes
  1142 | D:2      | Reached skill level 1 in Maces & Flails
  1142 | D:2      | Reached skill level 1 in Polearms
  1142 | D:2      | Reached skill level 1 in Staves
  1142 | D:2      | Reached skill level 1 in Slings
  1142 | D:2      | Reached skill level 1 in Bows
  1142 | D:2      | Reached skill level 1 in Crossbows
  1142 | D:2      | Reached skill level 1 in Throwing
  1142 | D:2      | Reached skill level 1 in Armour
  1142 | D:2      | Reached skill level 1 in Stealth
  1142 | D:2      | Reached skill level 1 in Shields
  1142 | D:2      | Reached skill level 1 in Evocations
  1174 | D:2      | Found a hide-covered altar of Uskayaw.
  1174 | D:2      | Found a basalt altar of Yredelemnul.
  1207 | D:2      | Reached XP level 4. HP: 32/34 MP: 11/11
  1240 | D:2      | Learned a level 4 spell: Ice Form
  1563 | D:3      | Reached * piety under Cheibriados
  1617 | D:3      | Reached skill level 1 in Conjurations
  1617 | D:3      | Reached skill level 1 in Hexes
  1617 | D:3      | Reached skill level 1 in Charms
  1617 | D:3      | Reached skill level 1 in Summonings
  1617 | D:3      | Reached skill level 1 in Necromancy
  1617 | D:3      | Reached skill level 1 in Translocations
  1617 | D:3      | Reached skill level 1 in Fire Magic
  1617 | D:3      | Reached skill level 1 in Ice Magic
  1617 | D:3      | Reached skill level 1 in Air Magic
  1617 | D:3      | Reached skill level 1 in Earth Magic
  1617 | D:3      | Reached skill level 1 in Poison Magic
  1838 | D:3      | Reached XP level 5. HP: 37/40 MP: 8/12
  1953 | D:3      | Found a bloodstained altar of Trog.
  2013 | D:3      | Reached ** piety under Cheibriados
  2013 | D:3      | Reached skill level 3 in Fighting
  2209 | D:4      | Noticed Ijyb
  2213 | D:4      | Killed Ijyb
  2213 | D:4      | Reached skill level 4 in Transmutations
  2254 | D:4      | Learned a level 5 spell: Blade Hands
  2259 | D:4      | Noticed RitorJet's ghost (novice OpTm)
  2271 | D:4      | Noticed Eustachio
  2286 | D:4      | Killed RitorJet's ghost
  2286 | D:4      | Reached skill level 2 in Short Blades
  2286 | D:4      | Reached skill level 2 in Long Blades
  2286 | D:4      | Reached skill level 2 in Axes
  2286 | D:4      | Reached skill level 2 in Maces & Flails
  2286 | D:4      | Reached skill level 2 in Polearms
  2286 | D:4      | Reached skill level 2 in Staves
  2286 | D:4      | Reached skill level 2 in Slings
  2286 | D:4      | Reached skill level 2 in Bows
  2286 | D:4      | Reached skill level 2 in Crossbows
  2286 | D:4      | Reached skill level 2 in Throwing
  2286 | D:4      | Reached skill level 2 in Armour
  2286 | D:4      | Reached skill level 5 in Dodging
  2286 | D:4      | Reached skill level 2 in Stealth
  2286 | D:4      | Reached skill level 2 in Shields
  2286 | D:4      | Reached skill level 2 in Invocations
  2286 | D:4      | Reached skill level 2 in Evocations
  2286 | D:4      | Reached XP level 6. HP: 35/47 MP: 10/14
  2286 | D:4      | Reached XP level 7. HP: 38/52 MP: 10/15
  2300 | D:4      | HP: 13/52 [poisoned by RitorJet's ghost]
  2303 | D:4      | Killed Eustachio
  2303 | D:4      | Reached skill level 7 in Unarmed Combat
  2303 | D:4      | Reached skill level 2 in Conjurations
  2303 | D:4      | Reached skill level 2 in Hexes
  2303 | D:4      | Reached skill level 2 in Charms
  2303 | D:4      | Reached skill level 2 in Summonings
  2303 | D:4      | Reached skill level 2 in Necromancy
  2303 | D:4      | Reached skill level 2 in Translocations
  2303 | D:4      | Reached skill level 2 in Fire Magic
  2303 | D:4      | Reached skill level 2 in Ice Magic
  2303 | D:4      | Reached skill level 2 in Air Magic
  2303 | D:4      | Reached skill level 2 in Earth Magic
  2303 | D:4      | Reached skill level 2 in Poison Magic
  2305 | D:4      | HP: 9/52 [poisoned by RitorJet's ghost]
  2310 | D:4      | HP: 4/52 [poisoned by RitorJet's ghost]
  2315 | D:4      | HP: 1/52 [poisoned by RitorJet's ghost]
  2316 | D:4      | Succumbed to RitorJet's ghost's poison

Skill      XL: |  1  2  3  4  5  6  7 |
---------------+----------------------+-----
Spellcasting   | 5 |  5.6
Invocations    | 1 2 |  2.7
Short Blades   | 1 2 |  2.4
Long Blades    | 1 2 |  2.4
Axes           | 1 2 |  2.4
Maces & Flails | 1 2 |  2.4
Polearms       | 1 2 |  2.4
Staves         | 1 2 |  2.4
Slings         | 1 2 |  2.4
Bows           | 1 2 |  2.4
Crossbows      | 1 2 |  2.4
Throwing       | 1 2 |  2.4
Armour         | 1 2 |  2.4
Stealth        | 1 2 |  2.4
Shields        | 1 2 |  2.4
Evocations     | 1 2 |  2.4
Conjurations   | 1 2 |  2.0
Hexes          | 1 2 |  2.0
Charms         | 1 2 |  2.0
Summonings     | 1 2 |  2.0
Necromancy     | 1 2 |  2.0
Translocations | 1 2 |  2.0
Fire Magic     | 1 2 |  2.0
Ice Magic      | 1 2 |  2.0
Air Magic      | 1 2 |  2.0
Earth Magic    | 1 2 |  2.0
Poison Magic   | 1 2 |  2.0
Fighting       | 3 |  3.6
Transmutations | 4 |  4.3
Dodging        | 5 |  5.2
Unarmed Combat | 7 |  7.0

Action                   |  1- 3 |  4- 6 |  7- 9 || total
-------------------------+-------+-------+-------++-------
Melee: Unarmed           |    90 |    94 |     9 ||   193
       Kick              |    13 |     7 |       ||    20
       Headbutt          |     4 |     8 |       ||    12
       Bite              |     6 |     2 |       ||     8
       Punch             |     1 |     1 |       ||     2
 Cast: Beastly Appendage |    22 |    12 |       ||    34
       Sticks to Snakes  |     1 |     2 |       ||     3
       Spider Form       |       |     9 |     1 ||    10
Invok: Bend Time         |       |       |     1 ||     1
  Use: Scroll            |       |     8 |       ||     8
       Potion            |       |       |     4 ||     4
 Stab: Sleeping          |     3 |     2 |       ||     5
  Eat: Chunk             |     1 |     3 |       ||     4
Armor: Robe              |     8 |    10 |       ||    18
       Skin              |       |     6 |       ||     6
Dodge: Dodged            |    61 |    66 |     8 ||   135

Vault maps used:
D:1:      ldierk_walled_garden_2
D:2:      gammafunk_temple_overflow_elements, lemuel_round_altar,
          lemuel_crystal_altar
D:3:      nicolae_overflow_hidden_temple
D:4:      first_ration, serial_bayou, serial_bayou_lagoon_a,
          serial_bayou_crossing, serial_bayou_pond_a, serial_bayou_shore_a,
          uniq_eustachio, uniq_robin, uniq_ijyb

Table legend:
 A = Turns spent in this place as a percentage of turns spent in the entire game.
 B = Non-inter-level travel turns spent in this place as a percentage of non-inter-level travel turns spent in the entire game.
 C = Inter-level travel turns spent in this place as a percentage of turns spent in this place.
 D = Turns resting spent in this place as a percentage of non-inter-level travel turns spent in this place.
 E = Turns spent auto-exploring this place as a percentage of non-inter-level travel turns spent in this place.
 F = Non-inter-level travel turns spent in this place divided by the number of levels of this place that you've seen.
                   A       B       C       D       E      F
               +-------+-------+-------+-------+-------+----------------------
         Total | 100.0 | 100.0 |   4.5 |   0.0 |  72.8 | 553.0
       Dungeon | 100.0 | 100.0 |   4.5 |   0.0 |  72.8 | 553.0
               +-------+-------+-------+-------+-------+----------------------

Table legend:
 A = Kills in this place as a percentage of kills in entire the game.
 B = Kills by you in this place as a percentage of kills by you in the entire game.
 C = Kills by friends in this place as a percentage of kills by friends in the entire game.
 D = Other kills in this place as a percentage of other kills in the entire game.
 E = Experience gained in this place as a percentage of experience gained in the entire game.
 F = Experience gained in this place divided by the number of levels of this place that you have seen.
                   A       B       C       D       E      F
               +-------+-------+-------+-------+-------+----------------------
         Total | 100.0 | 100.0 | 100.0 |   N/A | 100.0 | 216.0
       Dungeon | 100.0 | 100.0 | 100.0 |   N/A | 100.0 | 216.0
               +-------+-------+-------+-------+-------+----------------------
